 Dungeon Crawl Stone Soup version 0.29-a0-330-g52719c12eb (webtiles) character file.

Game seed: 6581054382562028069

89 kae the Firebug (level 4, -2/25 HPs)
             Began as a Tengu Fire Elementalist on Apr 14, 2022.
             Slain by a gnoll
             ... wielding a +1 whip of pain
              (9 damage)
             ... on level 1 of the Dungeon.
             The game lasted 00:01:21 (2275 turns).

kae the Firebug (Tengu Fire Elementalist)           Turns: 2275, Time: 00:01:22

Health: -2/25      AC:  3    Str:  8    XL:     4   Next: 55%
Magic:  2/8        EV: 12    Int: 18    God:
Gold:   97         SH:  0    Dex: 14    Spells: 1/7 levels left

rFire   . . .      SeeInvis .   n - +2 dagger (pain)
rCold   . . .      Faith    .   (no shield)
rNeg    . . .      Spirit   .   a - +0 robe
rPois   .          Reflect  .   (helmet restricted)
rElec   .          Harm     .   l - +0 cloak
rCorr   .          Rampage  .   (no gloves)
Will    .....                   (boots unavailable)
Stlth   ++........              (no amulet)
HPRegen 0.08/turn               (no ring)
MPRegen 0.11/turn               (no ring)

@: no status effects
A: beak, talons 3
a: no special abilities


You were on level 1 of the Dungeon.
You visited 1 branch of the dungeon, and saw 2 of its levels.

You collected 97 gold pieces.

Inventory:

Hand Weapons
 e - a +0 dagger
 n - a +2 dagger of pain (weapon)
Armour
 a - a +0 robe (worn)
 l - a +0 cloak (worn)
Jewellery
 o - a ring of positive energy
Scrolls
 c - 3 scrolls of identify
 g - a scroll of enchant armour {unknown}
 h - a scroll of teleportation {unknown}
 i - a scroll of fear {unknown}
 m - a scroll of amnesia {unknown}
 q - a scroll of noise {unknown}
Potions
 b - a potion of magic
 d - a potion of brilliance
 f - 5 potions of curing {unknown}
 j - a potion of haste
 k - a potion of berserk rage {unknown}
 p - a potion of attraction {unknown}


   Skills:
 + Level 1.4 Fighting
 + Level 2.7 Dodging
 - Level 2.0 Stealth
 + Level 2.4 Spellcasting
 + Level 2.6 Conjurations
 * Level 4.2 Fire Magic


You had one spell level left.
You knew the following spells:

 Your Spells              Type           Power      Damage    Failure   Level
a - Foxfire               Conj/Fire      56%        2x1d6     4%          1
b - Scorch                Fire           34%        2d6       4%          2
c - Conjure Flame         Conj/Fire      14%        6-21      13%         3

Your spell library contained the following spells:

 Spells                   Type           Power      Damage    Failure   Level
 Inner Flame              Hex/Fire       9%         N/A       22%         3
 Flame Wave               Conj/Fire      14%        2d6       38%         4


Dungeon Overview and Level Annotations

Branches:
Dungeon (2/15)

Altars:


Innate Abilities, Weirdness & Mutations

You have a beak for a mouth.
You have claws for feet.


Message History

The endoplasm is lightly wounded.
Casting: Foxfire (safe; 4% risk of failure)
Confirm with . or Enter, or press ? or * to list all spells.
You conjure some foxfire!
The foxfire hits the endoplasm.
The endoplasm is moderately wounded.
The foxfire hits the endoplasm.
The endoplasm is severely wounded.
Casting: Foxfire (safe; 4% risk of failure)
Confirm with . or Enter, or press ? or * to list all spells.
You conjure some foxfire!
The endoplasm completely misses you.
The foxfire hits the endoplasm.
You kill the endoplasm!
Casting: Foxfire (safe; 4% risk of failure)
Confirm with . or Enter, or press ? or * to list all spells.
You conjure some foxfire!
The gnoll barely misses you.
The foxfire hits the gnoll but does no damage.
The gnoll hits you with a +1 whip of pain!
You writhe in agony.
Casting: Foxfire (safe; 4% risk of failure)
Confirm with . or Enter, or press ? or * to list all spells.
You conjure some foxfire!
The gnoll closely misses you.
The foxfire hits the gnoll.
The gnoll is lightly wounded.
The gnoll closely misses you.
Casting: Foxfire (safe; 4% risk of failure)
Confirm with . or Enter, or press ? or * to list all spells.
You conjure some foxfire!
The gnoll barely misses you.
The foxfire hits the gnoll.
The gnoll is heavily wounded.
The gnoll hits you with a +1 whip of pain.
You writhe in agony.
Casting: Foxfire (safe; 4% risk of failure)
Confirm with . or Enter, or press ? or * to list all spells.
You conjure some foxfire!
The gnoll hits you with a +1 whip of pain.
* * * LOW HITPOINT WARNING * * *
The foxfire hits the gnoll.
The gnoll is heavily wounded.
The gnoll hits you with a +1 whip of pain!
You die...

,,,,**,,* *,#.#
*[,*,,,,******,#.#
****,**,,.,,,,,#.#
,,,,,****..,,,,#.#
,,,,,****.).,,,#.#
,,,,,,,,*....,,#.#**************
,******,*.....,#.#,,,,,,,,,,,,,*
,******,*).....#.#,***********,*
,,,,,,,,,......g@#,* *,*
*******,,......###,* *,*
**,......* *,* *,*
*,.....,***'***********,*
*,#####,*,,,,,,,,,,,,**,* *,>*
*,*,,,,,,,,,,,,**,* **,*
*,*,,,,,,,,,,,,**,*
***'****,*,,,,,,,,,,,,**,*
*,,,,,,,,***,,,,,,,,,,',,*


You could see a gnoll.

Vanquished Creatures
  2 adders (D:2)
  A gnoll (D:2)
  A worm (D:2)
  3 dart slugs
  5 ball pythons
  4 endoplasms (D:1)
  4 giant cockroaches
  6 goblins
  3 hobgoblins
  A jackal (D:1)
  2 quokkas (D:2)
  3 bats (D:1)
  2 frilled lizards
  10 kobolds
  5 rats
  A spectral hobgoblin (D:2)
53 creatures vanquished.

Vanquished Creatures (others)
  185 foxfires
185 creatures vanquished.

Grand Total: 238 creatures vanquished

Notes
Turn   | Place    | Note
-------+----------+-------------------------------------------
     0 | D:1      | kae the Tengu Fire Elementalist began the quest for the
                  | Orb.
     0 | D:1      | Reached XP level 1. HP: 10/10 MP: 4/4
   166 | D:1      | Reached XP level 2. HP: 15/15 MP: 4/6
   448 | D:1      | Reached XP level 3. HP: 5/20 MP: 0/7
   451 | D:1      | Learned a level 2 spell: Scorch
   455 | D:1      | Learned a level 3 spell: Conjure Flame
  1200 | D:2      | Reached skill level 1 in Fighting
  1207 | D:2      | Reached skill level 4 in Fire Magic
  1295 | D:2      | Reached XP level 4. HP: 12/25 MP: 6/8
  2045 | D:2      | Found a faded altar of an unknown god.
  2275 | D:1      | Slain by a gnoll

Illustrated notes

Levels and vault maps discovered:
D:1:      ncdulo_halloftheorcs, layout_basic, minmay_hexomino_c4
D:2:      layout_rooms, dreamdust_ecumenical_altar_drowned_temple,
          minmay_misc_feat_rows

Skill      XL: |  1  2  3 |
---------------+----------+-----
Conjurations   | 2 |  2.6
Fighting       | 1 |  1.4
Fire Magic     | 4 |  4.2
Dodging        | |  2.7
Stealth        | |  2.0
Spellcasting   | |  2.4

Action                   |  1- 3 |  4- 6 || total
-------------------------+-------+-------++-------
 Cast: Foxfire           |    59 |    49 ||   108
  Use: Scroll            |     3 |       ||     3
Armor: Robe              |     5 |     2 ||     7
Dodge: Dodged            |    13 |     8 ||    21

Table legend: (Time is in decaauts)
 A = Elapsed time spent in this place.
 B = Non-inter-level travel time spent in this place.
 C = Inter-level travel time spent in this place.
 D = Time resting spent in this place.
 E = Time spent auto-exploring this place.
 F = Levels seen in this place.
 G = Mean time per level.
                   A        B        C        D        E       F      G
               +--------+--------+--------+--------+--------+-----+--------+
         Total |   2280 |   2232 |     48 |    202 |   1653 |   2 | 1140.0 |
       Dungeon |   2280 |   2232 |     48 |    202 |   1653 |   2 | 1140.0 |
               +--------+--------+--------+--------+--------+-----+--------+

Top non-repeatable levels by time:
     D:1: 1304 daAuts
     D:2: 976 daAuts
